 Dungeon Crawl Stone Soup version 0.32-a0-314-g526f7d4993 (webtiles) character file.

Game seed: 17740923278768614750

884 Monkooky the Grave Robber (level 7, -15/48 HPs)
             Began as a Mummy Wanderer on Feb 15, 2024.
             Was a Follower of Yredelemnul.
             Killed by an exploding gnoll zombie (63 damage)
             ... ignited by their inner flame
             ... on level 5 of the Dungeon.
             The game lasted 00:18:32 (5023 turns).

Monkooky the Grave Robber (Mummy Wanderer)          Turns: 5023, Time: 00:18:32

Health: -15/48     AC:  6    Str: 15    XL:     7   Next: 76%
Magic:  15/15      EV: 16    Int: 17    God:    Yredelemnul [*.....]
Gold:   333        SH:  0    Dex: 10    Spells: 5/17 levels left

rFire   x . .        o - +2 spear (vamp)
rCold   + . .        (no shield)
rNeg    + + +        c - +0 robe
rPois   ∞            f - +0 helmet "Yqunli" {Str+2 SInv Stlth+}
rElec   .            n - +2 cloak
rCorr   .            (no gloves)
SInv    +            (no boots)
Will    +....        (no amulet)
Stlth   +++          h - +5 ring of evasion
HPRegen 0.28/turn    x - ring of willpower
MPRegen 0.14/turn

%: faith
@: wreathed by umbra
A: cold resistance 1, negative energy resistance 3, torment resistance 2, heat
vulnerability 1, in touch with death 1, no potions, faith
a: Renounce Religion, Light the Black Torch, Recall Undead Harvest


You were on level 5 of the Dungeon.
You worshipped Yredelemnul.
Yredelemnul was noncommittal.
You visited 2 branches of the dungeon, and saw 6 of its levels.

You collected 333 gold pieces.

Inventory:

Hand Weapons
 a - a +0 club
 e - a +0 dagger
 m - a +3 quarterstaff of chaos
 o - a +2 vampiric spear (weapon)
 B - a +2 flail of protection
Missiles
 j - 2 poisoned darts
 z - a throwing net
Armour
 c - a +0 robe (worn)
 f - the +0 helmet "Yqunli" (worn) {Str+2 SInv Stlth+}
   (You found it on level 3 of the Dungeon)

   Str+2:     It affects your strength (+2).
   SInv:      It lets you see invisible.
   Stlth+:    It makes you more stealthy.
 n - a +2 cloak (worn)
 t - a +0 scale mail
 w - a +1 ring mail of poison resistance
Magical Staves
 r - a staff of alchemy
 A - a staff of conjuration
Jewellery
 h - a +5 ring of evasion (left hand)
 x - a ring of willpower (right hand)
Wands
 d - a wand of polymorph (12)
Scrolls
 b - a scroll of fear
 g - a scroll of immolation
 i - 2 scrolls of identify {unknown}
 k - a scroll of enchant weapon {unknown}
 l - a scroll of acquirement {unknown}
 p - a scroll of vulnerability {unknown}
 q - a scroll of revelation {unknown}
 s - a scroll of butterflies {unknown}
 u - 2 scrolls of blinking
 v - a scroll of teleportation {unknown}
 y - a scroll of poison {unknown}


   Skills:
 + Level 1.2 Fighting
 - Level 1.0 Dodging
 - Level 1.0 Stealth
 - Level 5.8 Spellcasting
 - Level 0.3 Conjurations
 - Level 5.0 Summonings
 - Level 6.4 Necromancy
 - Level 0.3 Air Magic
 - Level 0.3 Alchemy
 - Level 1.0 Evocations


You had 5 spell levels left.
You knew the following spells:

 Your Spells              Type           Power      Damage    Failure   Level
a - Kiss of Death         Conj/Necr      96%        2d12      3%          1
b - Cigotuvi's Dreadful   Necr/Alch/Air  38%        N/A       8%          2
c - Mercury Vapours       Alch/Air       12%        N/A       17%         2
d - Vampiric Draining     Necr           40%        2d8       2%          3
e - Martyr's Knell        Necr/Summ      36%        N/A       13%         4

Your spell library contained the following spells:

 Spells                   Type           Power      Damage    Failure   Level
 Slow                     Hex            16%        N/A       13%         1
 Confusing Touch          Hex            4%         N/A       36%         3
 Gell's Gravitas          Tloc           4%         N/A       36%         3
 Sigil of Binding         Hex            4%         N/A       36%         3
 Teleport Other           Tloc           4%         N/A       36%         3
 Dispersal                Tloc           2%         N/A       100%        6


Dungeon Overview and Level Annotations

Branches:
Dungeon (5/15)             Temple (1/1) D:4

Altars:
Ashenzari
Cheibriados
Dithmenos
Fedhas
Gozag
Hepliaklqana
Kikubaaqudgha
Makhleb
Nemelex Xobeh
Okawaru
Ru
Sif Muna
Trog
Uskayaw
Vehumet
Wu Jian
Xom
Yredelemnul


Innate Abilities, Weirdness & Mutations

You are immune to poison.
Your flesh is cold resistant. (rC+)
You are immune to negative energy. (rN+++)
You are immune to unholy pain and torment.
You are vulnerable to heat. (rF-)
You are in touch with the powers of death.
You do not drink.
You have a special connection with the divine. (Faith)


Message History

The adder barely misses your gnoll zombie.
You catch the helpless adder completely off-guard!
You hit the adder.
The adder is almost dead.
The adder closely misses you.
Your quokka zombie bites the adder.
The adder dies!
Their soul becomes fuel for the torch.
No target in view!
You swap places.
u - 3 scrolls labelled JAMEIF VEKAMP (gained 1)
You now have 333 gold pieces (gained 15).
Found a stone staircase leading down.
There is a stone staircase leading down here.
A scorpion comes into view.
Blink to where?
Press: ? - help, Dir - move target, f - you
Okay, then.
As you read the scroll labelled JAMEIF VEKAMP, it crumbles to dust.
It was a scroll of blinking.
As you read the scroll labelled EDEATI SILEAPN, it crumbles to dust.
The creatures around you are filled with an inner flame!
It was a scroll of immolation.
Reach: o) +2 spear (vamp)
Press: ? - help, Dir - move target, f - scorpion
Aim: a scorpion (inner flame, ally target, umbra, about 40% to evade your +2 vampiric spear)
You reach to attack!
You hit the scorpion.
Flame seeps out of the scorpion.
The scorpion is lightly wounded.
The scorpion is engulfed in blazing flames.
Flame seeps out of the scorpion.
You swap places.
The scorpion stings your gnoll zombie! Flame seeps out of your gnoll zombie.
Your gnoll zombie is engulfed in blazing flames.
Flame seeps out of your gnoll zombie.
Your gnoll zombie hits the scorpion but does no damage.
The scorpion stings your gnoll zombie.
Your gnoll zombie explodes!
The fiery explosion engulfs you!!! The fire burns you terribly!
Ouch! That really hurt!
You die...
You join the legions of the undead harvest.

#### ### .... ...
#..# #.# #
###..###.##
#.#.........
#.#.#..# #.# #
#.#.#..###@##.##..#
##.....ZZZZZ○s°.....
#.......##########.#
#.##.##.# #.##.#
#Z.#.# ..# ##Z#.#
..####.######
#.###.#.# ...
.......... #....Z..#
... ...........


You could see a scorpion (inner flame, unaware, ally target), a friendly water
moccasin zombie (inner flame), a friendly quokka zombie (inner flame), a
friendly gnoll zombie (inner flame), a friendly orc priest zombie (inner flame)
and a friendly bombardier beetle zombie (inner flame).

Vanquished Creatures
  An ogre (D:4)
  A scorpion (D:3)
  2 hounds
  Crazy Yiuf (D:2)
  3 iguanas
  4 gnolls
  2 adders
  A shadow imp (D:4)
  6 dart slugs
  2 ribbon worms (D:2)
  2 orcs
  4 bats
  7 endoplasms
  6 giant cockroaches
  7 goblins
  9 hobgoblins
  2 jackals (D:2)
  5 kobolds
  2 quokkas
  7 ball pythons
  4 frilled lizards
  8 rats
86 creatures vanquished.

Vanquished Creatures (collateral kills)
  A water moccasin (D:5)
  A black bear (D:5)
  An orc priest (D:5)
  A bombardier beetle (D:5)
  An iguana (D:5)
  3 gnolls (D:5)
  2 adders (D:5)
  A white imp (D:5)
  3 orcs (D:5)
  A ball python (D:4)
  A giant cockroach (D:4)
16 creatures vanquished.

Vanquished Creatures (others)
  2 gnoll zombies (D:5)
  An endoplasm zombie (D:4)
3 creatures vanquished.

Grand Total: 105 creatures vanquished

Notes
Turn   | Place    | Note
-------+----------+-------------------------------------------
     0 | D:1      | Monkooky the Mummy Wanderer began the quest for the Orb.
     0 | D:1      | Monkooky set off with the following items: a +0 club, a
                  | scroll of fear, a +0 robe, a wand of polymorph (5); and the
                  | following spell memorised: Kiss of Death; and the following
                  | spells available to memorise: Vampiric Draining, Cigotuvi's
                  | Dreadful Rot, Mercury Vapours, Martyr's Knell.
     0 | D:1      | Reached XP level 1. HP: 13/13 MP: 4/4
   207 | D:1      | Reached XP level 2. HP: 4/14 MP: 3/6
   248 | D:1      | Learned a level 2 spell: Cigotuvi's Dreadful Rot
   251 | D:1      | Learned a level 2 spell: Mercury Vapours
   639 | D:1      | Found Titaaqet's Armour Shop.
   838 | D:1      | Reached XP level 3. HP: 17/17 MP: 2/8
   842 | D:1      | Learned a level 3 spell: Vampiric Draining
  1592 | D:2      | Reached XP level 4. HP: 7/19 MP: 5/10
  1995 | D:2      | Found a runed translucent door.
  1996 | D:2      | Noticed Crazy Yiuf
  2251 | D:2      | Reached skill level 5 in Spellcasting
  2251 | D:2      | Reached XP level 5. HP: 23/28 MP: 4/12
  2525 | D:2      | Found a faded altar of an unknown god.
  2963 | D:2      | Killed Crazy Yiuf
  3131 | D:3      | Reached skill level 6 in Necromancy
  3265 | D:3      | Identified the +0 helmet "Yqunli" {Str+2 SInv Stlth+}
  3424 | D:3      | Reached XP level 6. HP: 35/41 MP: 14/14
  3866 | D:4      | Found a staircase to the Ecumenical Temple.
  3877 | Temple   | Entered the Ecumenical Temple
  3884 | Temple   | Became a worshipper of Yredelemnul the Fallen
  3890 | Temple   | Learned a level 4 spell: Martyr's Knell
  4009 | D:4      | Reached skill level 1 in Summonings
  4585 | D:4      | Reached * piety under Yredelemnul
  4670 | D:5      | Entered Level 5 of the Dungeon
  4717 | D:5      | Reached XP level 7. HP: 46/46 MP: 15/15
  4763 | D:5      | Found an iron altar of Okawaru.
  4767 | D:5      | Found a sparkling altar of Nemelex Xobeh.
  4894 | D:5      | Reached skill level 5 in Summonings
  4926 | D:5      | Reached skill level 1 in Fighting
  5023 | D:5      | Killed by an exploding gnoll zombie... ignited by their
                  | inner flame

Illustrated notes

Levels and vault maps discovered:
D:1:      minmay_arrival_four_loops, layout_basic, serial_shops,
          nicolae_square_shop
D:2:      layout_rooms, chequers_ecumenical_altar_grove, uniq_crazy_yiuf_cottage
D:3:      layout_basic
D:4:      layout_basic, minmay_temple_entry_wispy
D:5:      layout_loops_cross, jmf_multi_god_temple
Temple:   hellmonk_temple_of_storms

Skill      XL: |  1  2  3  4  5  6  7 |
---------------+----------------------+-----
Spellcasting   | 3 4 5 |  5.8
Necromancy     | 6 |  6.4
Summonings     | 3 5 |  5.0
Fighting       | 1 |  1.2
Dodging        | |  1.0
Stealth        | |  1.0
Conjurations   | |  0.3
Air Magic      | |  0.3
Alchemy        | |  0.3
Evocations     | |  1.0

Action                     |  1- 3 |  4- 6 |  7- 9 || total
---------------------------+-------+-------+-------++-------
  Melee: Dagger            |   113 |   108 |       ||   221
         Club              |     2 |       |       ||     2
         Quarterstaff      |       |    23 |       ||    23
         Spear             |       |    73 |    29 ||   102
   Cast: Kiss of Death     |     5 |       |       ||     5
         Mercury Vapours   |     6 |       |       ||     6
         Cigotuvi's Dreadf |     1 |       |       ||     1
         Vampiric Draining |     6 |    26 |     1 ||    33
 Invoke: Light the Black T |       |     2 |       ||     2
  Evoke: Wand              |       |     3 |       ||     3
    Use: Scroll            |       |     2 |     2 ||     4
   Stab: Sleeping          |     2 |    12 |     3 ||    17
         Distracted        |       |     1 |     1 ||     2
 Armour: Robe              |    52 |    75 |     7 ||   134
  Dodge: Dodged            |    70 |   170 |    22 ||   262

Table legend: (Time is in decaauts)
 A = Elapsed time spent in this place.
 B = Non-inter-level travel time spent in this place.
 C = Inter-level travel time spent in this place.
 D = Time resting spent in this place.
 E = Time spent auto-exploring this place.
 F = Levels seen in this place.
 G = Mean time per level.
                   A        B        C        D        E       F      G
               +--------+--------+--------+--------+--------+-----+--------+
         Total |   5041 |   4727 |    314 |    310 |   3331 |   6 |  840.2 |
       Dungeon |   5021 |   4707 |    314 |    310 |   3331 |   5 | 1004.2 |
        Temple |     19 |     19 |      0 |      0 |      0 |   1 |   19.0 |
               +--------+--------+--------+--------+--------+-----+--------+

Top non-repeatable levels by time:
     D:1: 1632 daAuts
     D:2: 1462 daAuts
     D:4: 855 daAuts
     D:3: 715 daAuts
     D:5: 356 daAuts
  Temple: 19 daAuts
